 Dungeon Crawl Stone Soup version 0.19.1-1-g22dce08 (webtiles) character file.

41 Jerry the Slasher (level 3, -7/27 HPs)
             Began as a Demonspawn Gladiator on Jan 3, 2017.
             Mangled by Crazy Yiuf
             ... wielding a +3 quarterstaff of chaos
              (9 damage)
             ... on level 2 of the Dungeon.
             The game lasted 00:03:18 (1083 turns).

Jerry the Slasher (Demonspawn Gladiator)            Turns: 1083, Time: 00:03:19

Health: -7/27      AC:  4    Str: 15    XL:     3   Next: 32%
Magic:  3/3        EV: 13    Int:  9    God:
Gold:   75         SH:  0    Dex: 14    Spells: 0 memorised, 2 levels left

rFire  x . .     SeeInvis .     a - +1 long sword
rCold  + . .     Gourm    .     b - +0 leather armour
rNeg   . . .     Faith    .     (no shield)
rPois  .         Spirit   .     (helmet restricted)
rElec  .         Reflect  .     j - +0 cloak
rCorr  .         Harm     .     (no gloves)
MR     .....                    (no boots)
Stlth  +.........               (no amulet)
                                (no ring)
                                k - ring of ice

@: no status effects
A: horns 1, powered by pain 1
a: no special abilities


You were on level 2 of the Dungeon.
You were not hungry.

You visited 1 branch of the dungeon, and saw 2 of its levels.

You collected 75 gold pieces.

Inventory:

Hand Weapons
 a - a +1 long sword (weapon)
Missiles
 d - 3 throwing nets (quivered)
Armour
 b - a +0 leather armour (worn)
 c - a +0 helmet
 j - a +0 cloak (worn)
Jewellery
 k - a ring of ice (left hand)
 m - an uncursed amulet of harm {unknown}
Scrolls
 g - a scroll of fear
 n - a scroll of amnesia
Potions
 h - a potion of might {unknown}
 i - a potion of curing {unknown}
 l - a potion of mutation {unknown}
 p - a potion of degeneration {unknown}
 q - a potion of agility {unknown}
Comestibles
 f - a bread ration
 o - 5 chunks of flesh


   Skills:
 - Level 2.0 Fighting
 + Level 3.1 Long Blades
 - Level 1.7 Throwing
 + Level 1.6 Armour
 + Level 3.1 Dodging


You had 2 spell levels left.
You didn't know any spells.

Dungeon Overview and Level Annotations

Branches:
Dungeon (2/15)

Altars:
Qazlal
Vehumet

Annotations:
D:2 Crazy Yiuf


Innate Abilities, Weirdness & Mutations

You have a pair of small horns on your head.
You sometimes gain a little power by taking damage.


Message History

There is an open door here.
You closely miss Crazy Yiuf. You headbutt Crazy Yiuf!
Crazy Yiuf is moderately wounded.
Crazy Yiuf hits you with a quarterstaff of chaos!
You feel your power leaking away.
You hit Crazy Yiuf.
Crazy Yiuf is heavily wounded.
Crazy Yiuf barely misses you.
You riposte.
You hit Crazy Yiuf.
Crazy Yiuf is severely wounded.
You barely miss Crazy Yiuf.
Crazy Yiuf is severely wounded.
Crazy Yiuf cries, "You leg down broken song, no?"
Crazy Yiuf hits you with a quarterstaff of chaos!
* * * LOW HITPOINT WARNING * * *
You focus on the pain.
You feel your power returning.
You convulse.
* * * LOW HITPOINT WARNING * * *
You barely miss Crazy Yiuf.
Crazy Yiuf is severely wounded.
Crazy Yiuf hits you with a quarterstaff of chaos!
You die...

.._. ^...
### #≈.§
..§###≈.^
#####
#+###^#≈#≈.≈
#)..#
#....#..§≈..
#...#
#....+.....#
#.g.#
#....#.....#
#@#
#....####.##
♣.♣♣ #....#
#.## ♣♣.♣
#....####.##
♣.♣♣
#...........
♣♣.♣
#.......#.##
♣♣.♣♣
#..####.#.##
♣...♣ ##.#
#.#.##
♣♣...♣
#.####.#.##
#....#
#...##.#.##


You could see Crazy Yiuf.

Vanquished Creatures
  A gnoll (D:1)
  A leopard gecko (D:2)
  3 bats (D:1)
  A giant cockroach (D:2)
  2 goblins (D:1)
  4 hobgoblins
  3 jackals (D:2)
  6 kobolds
  A frilled lizard (D:1)
  4 rats
26 creatures vanquished.

Notes
Turn   | Place    | Note
-------+----------+-------------------------------------------
     0 | D:1      | Jerry the Demonspawn Gladiator began the quest for the Orb.
     0 | D:1      | Reached XP level 1. HP: 16/16 MP: 1/1
   221 | D:1      | Gained mutation: You have a pair of small horns on your head. [demonic ancestry]
   221 | D:1      | Reached XP level 2. HP: 22/22 MP: 2/2
   333 | D:1      | Reached skill level 1 in Armour
   793 | D:1      | Gained mutation: You sometimes gain a little power by taking damage. [demonic ancestry]
   793 | D:1      | Reached XP level 3. HP: 25/27 MP: 3/3
   970 | D:2      | Found a stormy altar of Qazlal.
  1051 | D:2      | Found a radiant altar of Vehumet.
  1069 | D:2      | Found a runed door.
  1078 | D:2      | Noticed Crazy Yiuf
  1083 | D:2      | Mangled by Crazy Yiuf

Skill      XL: |  1  2 |
---------------+-------+-----
Armour         | 1 |  1.6
Long Blades    | 3 |  3.1
Dodging        | 3 |  3.1
Fighting       | |  2.0
Throwing       | |  1.7

Action                   || total
-------------------------++-------
Melee: Long sword        ||    58
       Headbutt          ||     6
  Use: Scroll            ||     5
  Eat: Chunk             ||     1
Armor: Leather armour    ||    26
Dodge: Dodged            ||    44
       Rpst.: Long sword ||    19
